 Dungeon Crawl Stone Soup version 0.18-a0-900-gbbf5c82 (webtiles) character file.

133744 Duffy the Severer (level 17, -3/162 HPs)
             Began as a Naga Berserker on Dec 24, 2015.
             Was the Champion of Trog.
             Blown up by a conjurer statue (45 damage)
             ... with an orb of destruction
             ... in a wizard's laboratory.
             The game lasted 00:46:39 (32024 turns).

Duffy the Severer (Naga Berserker)                 Turns: 32024, Time: 00:46:40

Health: -3/162     AC: 27    Str: 33    XL:     17   Next: 15%
Magic:  0/6        EV: 16    Int:  9    God:    Trog [******]
Gold:   1255       SH:  0    Dex: 16    Spells: 0 memorised, 16 levels left

rFire  + . .     SeeInvis +     a - +9 executioner's axe (antimagic)
rCold  + . .     Gourm    .     P - +3 plate armour
rNeg   . . .     Faith    .     (shield currently unavailable)
rPois  +         Spirit   +     w - +2 hat {Spirit}
rElec  +         Dismiss  .     e - +2 cloak
rCorr  +         Reflect  .     O - +2 pair of gloves {Str+3}
SustAt .         Harm     .     (no barding)
MR     ++++.                    Z - amulet of regeneration
Stlth  ..........               V - ring of Nerefusu {rElec MR+ Stlth+}
                                u - ring of protection from magic

@: mighty, agile, resistant, very slow, incredibly resistant to hostile
enchantments, extremely unstealthy
A: see invisible, deformed body, poison resistance, slowness 2, slow metabolism
1, spit poison 2, constrict 1, AC +5
a: Spit Poison, Berserk, Trog's Hand, Brothers in Arms, Burn Spellbooks,
Renounce Religion


You were in a wizard's laboratory.
You worshipped Trog.
Trog was exalted by your worship.
You were not hungry.

You visited 4 branches of the dungeon, and saw 26 of its levels.
You also visited: Labyrinth and Wizlab.

You collected 2241 gold pieces.
You spent 986 gold pieces at shops.


Innate Abilities, Weirdness & Mutations

You cannot wear boots.
Your serpentine skin is tough (AC +5).
You have supernaturally acute eyesight.
Armour fits poorly on your strangely shaped body.
Your system is resistant to poisons.
You cover ground very slowly.
You have a slow metabolism.
You can spit poison.
You can use your snake-like lower body to constrict enemies.


   Skills:
 + Level 12.7 Fighting
 + Level 20.5 Axes
 + Level 11.0 Armour
 + Level 8.9 Dodging
 - Level 5.0 Evocations


You had 16 spell levels left.
You didn't know any spells.

Inventory:

Hand Weapons
 a - a +9 antimagic executioner's axe (weapon)
 b - a +0 blowgun
Missiles
 D - 129 poisoned needles
 G - 12 curare-tipped needles
 T - a throwing net (quivered)
Armour
 e - a +2 cloak (worn)
 w - a +2 hat of spirit shield (worn)
 y - a +1 ring mail of fire resistance
 O - a +2 pair of gloves of strength (worn)
 P - a +3 plate armour (worn)
 R - a +0 plate armour of cold resistance
Jewellery
 f - an uncursed ring of sustain attributes
 o - an uncursed ring of teleportation
 u - a ring of protection from magic (left hand)
 V - the ring of Nerefusu (right hand) {rElec MR+ Stlth+}

   [ring of protection from magic]

   It insulates you from electricity.
   It affects your resistance to hostile enchantments.
   It makes you more stealthy.
 Z - an amulet of regeneration (around neck)
Wands
 k - a wand of fire (9/15)
 J - a wand of digging (5/24)
 K - a wand of fire (4/15)
 N - a wand of draining (14/15)
 S - a wand of cold (8/15)
 W - a wand of disintegration (9/24)
 Y - a wand of digging (8/24)
Scrolls
 m - 5 scrolls of fear
 p - 2 scrolls of immolation
 q - 4 scrolls of recharging
 r - a scroll of magic mapping
 x - a scroll of enchant weapon
 A - 11 scrolls of remove curse
 C - 3 scrolls of teleportation
 E - 2 scrolls of fog
 M - 4 scrolls of blinking
 Q - a scroll of holy word
Potions
 g - 4 potions of heal wounds
 h - 3 potions of flight
 i - 2 potions of cure mutation
 j - 3 potions of might
 s - a potion of agility
 z - 10 potions of curing
 H - 4 potions of invisibility
 L - 4 potions of haste
 U - 4 potions of ambrosia
Comestibles
 c - 17 bread rations
 l - 16 meat rations
 n - 8 slices of pizza
 I - 13 fruits
 X - 6 beef jerkies

Dungeon Overview and Level Annotations

Branches:
Dungeon (15/15)            Temple (0/1) D:7            Lair (8/8) D:9
 Shoals (0/4) Lair:4       Spider (0/4) Lair:4        Slime (0/6) Lair:8
    Orc (2/2) D:12            Elf (1/3) Orc:2        Vaults (0/5) D:13
 Depths (0/5) D:15

Altars:
Ashenzari
Cheibriados
Dithmenos
Elyvilon
Fedhas
Gozag
Zin
The Shining One
Beogh
Jiyva

Shops:
D:5 %   D:9 *   D:14 [   Orc:2 :*[(   Elf:1 (

Annotations:
D:7 4 runed doors WizLab exclusion: 4 statues


Message History

Okay, then.
Drink which item? (? for menu, Esc to quit)
You feel protected.
Drink which item? (? for menu, Esc to quit)
You feel very mighty all of a sudden.
Drink which item? (? for menu, Esc to quit)
You feel agile all of a sudden.
Drink which item? (? for menu, Esc to quit)
Okay, then.
Really slither into a travel-excluded area?
A deep elf mage comes into view. It is wielding a long sword.
The conjurer statue conjures a glowing orb.
An orb of destruction comes into view.
Drink which item? (? for menu, Esc to quit)
Okay, then.
Read which item? (? for menu, Esc to quit)
Enchant which item? (? for menu, Esc to quit)
As you read the scroll of enchant armour, it crumbles to dust.
Your +1 cloak glows green for a moment.
The orb of destruction hits you!
The conjurer statue launches a ball of destructive magic.
An orb of destruction comes into view.
The conjurer statue conjures a glowing orb.
The orb of destruction hits you!
An orb of destruction comes into view.
The orb of destruction hits you!
The conjurer statue launches a ball of destructive magic.
An orb of destruction comes into view.
The conjurer statue conjures a glowing orb.
The orb fizzles. x2
The conjurer statue launches a ball of destructive magic.
An orb of destruction comes into view.
The conjurer statue launches a ball of destructive magic.
An orb of destruction comes into view.
The orb of destruction hits you!
You die...

#.......# #.##.....0.#.##
###.......###.#).......###
#)'.......'.'......)..#00#
###.......###.#........###
#.......# #.##..)....#
###.....## .#..........#
#.####)### .###........#.#
.#.# #[# .#.#..........##
#.# ### .# #...@......#.#
)## .# #....0.......##
.d#.# ## #.....*......#.
....#. .......8..0....##
.)..... ..........0.00#
...0..8 0.........000#.
....... 0........000.#
...0.0# ..........0##0
.#.#0#


You could see a conjurer statue.

Action                   |  1- 3 |  4- 6 |  7- 9 | 10-12 | 13-15 | 16-18 || total
-------------------------+-------+-------+-------+-------+-------+-------++-------
Melee: Hand axe          |   139 |   144 |     9 |       |       |       ||   292
       War axe           |       |       |   224 |   674 |     5 |       ||   903
       Executioner's axe |       |       |       |       |   854 |   474 ||  1328
 Fire: Blowgun           |       |     3 |       |       |       |       ||     3
Invok: Berserk           |     3 |     7 |     6 |    11 |    14 |     1 ||    42
       Burn Spellbooks   |       |       |     2 |       |     3 |     3 ||     8
       Trog's Hand       |       |       |       |       |     1 |     4 ||     5
       Brothers in Arms  |       |       |       |       |       |     3 ||     3
 Abil: Evoke Teleportati |       |       |       |       |     1 |       ||     1
Evoke: Wand              |       |       |       |       |       |     2 ||     2
  Use: Scroll            |     5 |     1 |     5 |    10 |    20 |     9 ||    50
       Potion            |       |       |       |       |       |     4 ||     4
  Eat: Chunk             |     7 |    12 |    16 |    27 |    35 |    18 ||   115
       Fruit             |       |       |     4 |     4 |       |       ||     8
       Royal jelly       |       |       |       |     2 |       |       ||     2
       Beef jerky        |       |       |       |       |     2 |     2 ||     4

Notes
Turn   | Place    | Note
--------------------------------------------------------------
     0 | D:1      | Duffy the Naga Berserker began the quest for the Orb.
     0 | D:1      | Reached XP level 1. HP: 21/21 MP: 1/1
   471 | D:1      | Reached XP level 2. HP: 24/28 MP: 2/2
  1813 | D:2      | Reached XP level 3. HP: 7/34 MP: 3/3
  2523 | D:2      | Found a snail-covered altar of Cheibriados.
  2944 | D:2      | Reached skill level 4 in Axes
  2944 | D:2      | Reached XP level 4. HP: 44/44 MP: 4/4
  3013 | D:2      | Reached skill level 4 in Fighting
  3438 | D:2      | Noticed Crazy Yiuf
  3446 | D:2      | Killed Crazy Yiuf
  3676 | D:3      | Reached XP level 5. HP: 32/51 MP: 5/5
  3730 | D:3      | Noticed an ogre
  3865 | D:3      | Found a shadowy altar of Dithmenos.
  4042 | D:3      | Reached ** piety under Trog
  4075 | D:3      | Reached skill level 5 in Axes
  4269 | D:3      | Killed an ogre
  4269 | D:3      | Reached skill level 5 in Fighting
  4269 | D:3      | Reached XP level 6. HP: 38/61 MP: 6/6
  5133 | D:4      | Reached XP level 7. HP: 68/68 MP: 7/7
  5156 | D:4      | Reached skill level 6 in Axes
  5276 | D:4      | Found an opulent altar of Gozag.
  5276 | D:4      | Found a shattered altar of Ashenzari.
  5312 | D:4      | Got a pitted war axe
  5313 | D:4      | Identified the +8 war axe "Viaczoaco" {holy, Int+5} (You found it on level 4 of the Dungeon)
  5804 | D:5      | Entered Level 5 of the Dungeon
  5825 | D:5      | Reached skill level 6 in Fighting
  6024 | D:5      | Reached *** piety under Trog
  6064 | D:5      | Found Xiliuvin's Food Shop.
  6193 | D:5      | Noticed Edmund
  6201 | D:5      | Killed Edmund
  6201 | D:5      | Reached skill level 7 in Axes
  6280 | D:5      | Found a snail-covered altar of Cheibriados.
  6366 | D:5      | Reached XP level 8. HP: 78/78 MP: 8/8
  6762 | D:5      | Reached skill level 8 in Axes
  7226 | D:6      | Reached skill level 9 in Axes
  7541 | D:6      | Reached skill level 10 in Axes
  7541 | D:6      | Reached XP level 9. HP: 85/85 MP: 9/9
  7671 | D:7      | Noticed deanyohobro's ghost (amateur HuAr)
  7683 | D:7      | Killed deanyohobro's ghost
  7734 | D:7      | Reached **** piety under Trog
  8354 | D:7      | Found a huge runed gate.
  8384 | D:7      | Found a huge runed gate.
  8385 | D:7      | Found a huge runed gate.
  8386 | D:7      | Found a huge runed gate.
  8664 | D:7      | Found a staircase to the Ecumenical Temple.
  8681 | D:7      | Reached skill level 2 in Armour
  8864 | D:7      | Reached skill level 11 in Axes
  9059 | D:8      | Reached skill level 3 in Armour
  9217 | D:8      | Noticed Pikel
  9233 | D:8      | Killed Pikel
  9233 | D:8      | Reached skill level 4 in Armour
  9441 | D:8      | Reached XP level 10. HP: 70/92 MP: 10/10
  9669 | D:8      | Found a glowing golden altar of the Shining One.
  9994 | D:8      | Reached skill level 12 in Axes
 10067 | D:8      | Reached skill level 5 in Armour
 10184 | D:8      | Found a blossoming altar of Fedhas.
 10187 | D:8      | Noticed a cyan ugly thing
 10193 | D:8      | Killed a cyan ugly thing
 10581 | D:9      | Reached skill level 6 in Armour
 10630 | D:9      | Found a staircase to the Lair.
 10639 | D:9      | Noticed filipzpl's ghost (novice GrBe)
 10657 | D:9      | Killed filipzpl's ghost
 10657 | D:9      | Reached skill level 7 in Fighting
 10707 | D:9      | Noticed a deep elf mage
 10710 | D:9      | Noticed a rust devil
 10739 | D:9      | Noticed a sun demon
 10894 | D:9      | Killed a deep elf mage
 10894 | D:9      | Reached skill level 13 in Axes
 10894 | D:9      | Reached XP level 11. HP: 100/100 MP: 11/11
 11061 | D:9      | Reached ***** piety under Trog
 11284 | D:9      | Reached skill level 8 in Fighting
 11312 | D:9      | Received a gift from Trog
 11433 | D:9      | Found Fosm's Assorted Antiques.
 11438 | D:9      | Bought a purple potion for 19 gold pieces
 11438 | D:9      | Bought a scroll labeled KESOOL GUICOA for 22 gold pieces
 11560 | D:10     | Entered Level 10 of the Dungeon
 11936 | D:10     | Received a gift from Trog
 12270 | D:10     | Found a white marble altar of Elyvilon.
 12447 | D:10     | Noticed Maud
 12464 | D:10     | Killed Maud
 12464 | D:10     | Reached skill level 9 in Fighting
 12804 | D:10     | Reached skill level 14 in Axes
 13446 | Lair:1   | Entered Level 1 of the Lair of Beasts
 14195 | Lair:1   | Reached skill level 10 in Fighting
 14381 | Lair:1   | Received a gift from Trog
 14724 | Lair:2   | Reached skill level 2 in Dodging
 14798 | Lair:2   | Reached XP level 12. HP: 104/116 MP: 12/12
 15147 | Lair:2   | Noticed Harold
 15158 | Lair:2   | Killed Harold
 15820 | Lair:3   | Reached skill level 3 in Dodging
 15891 | Lair:3   | Reached skill level 15 in Axes
 16334 | Lair:3   | Reached skill level 7 in Armour
 16747 | Lair:4   | Noticed a death yak
 16753 | Lair:4   | Killed a death yak
 16757 | Lair:4   | Noticed a death yak
 16759 | Lair:4   | Noticed a death yak
 16871 | Lair:4   | Found a hole to the Spider Nest.
 16879 | Lair:4   | Reached skill level 4 in Dodging
 17114 | Lair:4   | Noticed a death yak
 17126 | Lair:4   | Killed a death yak
 17138 | Lair:4   | Gained mutation: You can use your snake-like lower body to constrict enemies. [Naga growth]
 17138 | Lair:4   | Reached XP level 13. HP: 92/123 MP: 13/13
 17218 | Lair:4   | Received a gift from Trog
 17373 | Lair:4   | Reached skill level 16 in Axes
 17415 | Lair:4   | Reached skill level 8 in Armour
 17415 | Lair:4   | Reached skill level 5 in Dodging
 17788 | Lair:4   | Found a staircase to the Shoals.
 18766 | Lair:5   | Found a labyrinth entrance.
 18775 | Lab      | Entered a labyrinth
 18977 | Lab      | Noticed a minotaur
 18982 | Lab      | Killed a minotaur
 18982 | Lab      | Reached skill level 1 in Evocations
 19224 | Lair:5   | Received a gift from Trog
 19227 | Lair:5   | Reached skill level 2 in Evocations
 19482 | Lair:5   | Reached skill level 3 in Evocations
 19736 | Lair:5   | Reached skill level 17 in Axes
 19862 | Lair:5   | Reached skill level 4 in Evocations
 20242 | Lair:6   | Reached XP level 14. HP: 105/132 MP: 5/17
 20435 | Lair:6   | Reached skill level 5 in Evocations
 21262 | Lair:7   | Reached skill level 6 in Dodging
 21269 | Lair:7   | Reached skill level 9 in Armour
 21614 | Lair:7   | Received a gift from Trog
 21816 | Lair:7   | Reached skill level 18 in Axes
 21869 | Lair:7   | Found a glowing silver altar of Zin.
 22001 | Lair:7   | Reached ****** piety under Trog
 22259 | Lair:8   | Entered Level 8 of the Lair of Beasts
 22267 | Lair:8   | Reached skill level 11 in Fighting
 22381 | Lair:8   | Reached XP level 15. HP: 141/141 MP: 6/18
 22402 | Lair:8   | Received a gift from Trog
 22480 | Lair:8   | Found a viscous altar of Jiyva.
 22480 | Lair:8   | Found a staircase to the Slime Pits.
 22549 | Lair:8   | Got a shimmering granite ring
 22563 | Lair:8   | Identified the ring of Nerefusu {rElec MR+ Stlth+} (You found it on level 8 of the Lair of Beasts)
 22677 | Lair:8   | Reached skill level 7 in Dodging
 22887 | Lair:8   | Received a gift from Trog
 24211 | D:11     | Reached skill level 10 in Armour
 24342 | D:11     | Received a gift from Trog
 25037 | D:12     | Reached skill level 19 in Axes
 25316 | D:12     | Noticed Erolcha
 25319 | D:12     | Killed Erolcha
 25520 | D:12     | Received a gift from Trog
 25566 | D:12     | Found a staircase to the Orcish Mines.
 25891 | D:13     | Received a gift from Trog
 26203 | D:13     | Reached XP level 16. HP: 109/151 MP: 2/19
 26240 | D:13     | Found a gate to the Vaults.
 26707 | D:14     | Found Laar's Armour Boutique.
 26800 | D:14     | Noticed WhatIsLove's ghost (journeyman DgCj)
 26813 | D:14     | Killed WhatIsLove's ghost
 26924 | D:14     | Reached skill level 20 in Axes
 27303 | D:15     | Entered Level 15 of the Dungeon
 27411 | D:15     | Found a staircase to the Depths.
 28248 | Orc:1    | Entered Level 1 of the Orcish Mines
 28771 | Orc:2    | Entered Level 2 of the Orcish Mines
 29030 | Orc:2    | Received a gift from Trog
 29430 | Orc:2    | Reached skill level 12 in Fighting
 29469 | Orc:2    | Received a gift from Trog
 29613 | Orc:2    | Reached skill level 8 in Dodging
 29858 | Orc:2    | Received a gift from Trog
 29876 | Orc:2    | Found a staircase to the Elven Halls.
 29897 | Orc:2    | Found a roughly hewn altar of Beogh.
 30610 | Orc:2    | Found Oroatuef's Antique Armour Boutique.
 30611 | Orc:2    | Found Nymixoum's Antique Weapon Shop.
 30613 | Orc:2    | Found Kiotaa's General Store.
 30613 | Orc:2    | Found Hegel's Book Boutique.
 30818 | Orc:2    | Bought a shiny helmet for 126 gold pieces
 30818 | Orc:2    | Bought a shiny plate armour for 644 gold pieces
 30867 | Orc:2    | Bought 2 potions of might for 104 gold pieces
 30867 | Orc:2    | Bought a scroll of magic mapping for 45 gold pieces
 30867 | Orc:2    | Bought a scroll of identify for 26 gold pieces
 31146 | Elf:1    | Entered Level 1 of the Elven Halls
 31163 | Elf:1    | Received a gift from Trog
 31232 | Elf:1    | Found Iskiethra's Antique Weapon Boutique.
 31247 | Elf:1    | Found a magical portal.
 31268 | WizLab   | Entered Iskenderun's Mystic Tower
 31531 | WizLab   | Reached XP level 17. HP: 122/162 MP: 5/20
 31746 | WizLab   | Reached skill level 11 in Armour
 32024 | WizLab   | Blown up by a conjurer statue

Vault maps used:
D:1:      dpeg_arrival_short_road
D:2:      cheibriados_altar_1, first_bread, uniq_crazy_yiuf_cottage
D:3:      nicolae_dithmenos_through_a_glass_darkly
D:4:      gammafunk_temple_overflow_wave
D:5:      serial_shops, shop_statue, basic_altar, uniq_edmund
D:7:      lemuel_bear_cage, minmay_temple_entry_junction
D:8:      tso_oasis_becter, hangedman_tree_tricks, uniq_pikel
D:9:      minmay_lair_entry_lava, serial_shops, kennysheep_little_box
D:10:     special_room, basic_altar, hangedman_decor_points, uniq_maud
D:11:     nicolae_twisting_strands
D:12:     hiddenorc1_lemuel, serial_glass, glass_columns_a, glass_columns_c,
          glass_columns_a, glass_columns_b, glass_columns_b, glass_columns_b,
          glass_columns_a, glass_columns_c, glass_columns_a, glass_columns_a,
          lemuel_old_faithful, uniq_erolcha
D:13:     david_vaults_4, kennysheep_generic_room_3
D:14:     minmay_misc_feat_cross, serial_shops, nicolae_shop_waterfront
D:15:     gammafunk_enter_depths_forms
Lair:1:   nicolae_quartered_pool_super
Lair:2:   nicolae_quartered_pool_medium, worms_lemuel, uniq_harold
Lair:3:   beast_lair_carwin_8, grunt_megastairs_2
Lair:4:   beast_lair_carwin_large_4, elwin_shoals_entry_rooms,
          spider_nest_entry_funnel_web, minmay_stone_trees_medium, st_stairs_5
Lair:5:   lab_entry_generic, st_stairs_13, infiniplex_staircase_pool
Lair:6:   grunt_megastairs_1, serial_bayou_shore_a
Lair:7:   basic_altar, zaba_antful_of_joy
Lair:8:   minmay_lair_end_enchanted_forest, dpeg_slime_entry_enclosed_altar,
          serial_bayou_pond_e
Orc:1:    minmay_orc_keep
Orc:2:    st_orc_congregation, basic_altar, nicolae_orc_stony_grotto,
          lightli_orcish_oven
Elf:1:    eino_elf_arrival_customs, infiniplex_enter_wizlab_glasses,
          serial_shops, nicolae_shop_crystal, orc_legates, onia_ninara_cookie,
          uniq_frances
Lab:      nicolae_lab_very_dead_end, nicolae_lab_stuck, nicolae_lab_starburst,
          nicolae_lab_do_over
WizLab:   wizlab_iskenderun

Vanquished Creatures
  An orc warlord Maud
  10 purple draconians
  The ghost of WhatIsLove the Thaumaturge, a journeyman DgCj
  3 statues
  A minotaur Harold Erolcha
  A rakshasa
  5 hydras
  A queen ant
  A centaur warrior
  2 catoblepae
  A tengu warrior
  22 death yaks
  5 orc high priests
  The ghost of filipzpl the Fighter, a novice GrBe of Trog
  A wizard
  A deep troll
  3 unseen horrors
  An unseen horror (shapeshifter)
  A giant orange brain
  A lindwurm
  5 hill giants
  4 orc knights
  3 manticores Pikel
  A phantasmal warrior
  3 ugly things
  2 cyclopes
  18 deep elf magi
  4 griffons
  6 elephants
  5 orc sorcerers
  3 black mambas
  2 gargoyles
  7 komodo dragons
  14 spiny frogs
  4 fire drakes
  2 tengu conjurers
  A spriggan druid
  A jumping spider (shapeshifter)
  6 trolls
  9 polar bears
  A merfolk
  23 blink frogs
  2 boulder beetles
  4 jumping spiders
  A hornet zombie
  17 slime creatures
  2 two-headed ogres
  2 trapdoor spider zombies
  2 shadows
  A spriggan (shapeshifter)
  A water elemental
  8 redbacks
  12 spriggans
  A tarantella (shapeshifter)
  4 wyverns
  3 wraiths
  5 basilisks
  3 hungry ghosts
  65 yaks
  The ghost of deanyohobro the Charlatan, an amateur HuAr
  2 mottled dragons
  6 swamp worms
  12 hippogriffs
  4 vampire mosquitoes
  A steam dragon
  2 wargs
  30 wolves
  11 water moccasins Edmund
  8 soldier ants
  23 porcupines
  2 necrophages
  8 black bears
  4 sky beasts
  8 ogres
  4 slaves
  2 ice beasts
  7 wasps
  A phantom
  50 orc warriors
  23 crocodiles
  24 giant frogs
  A gnoll sergeant
  8 centaurs
  5 wights
  3 scorpions
  3 water moccasin skeletons
  20 killer bees
  An electric eel
  2 quasits
  6 crimson imps
  A giant frog zombie
  5 hounds
  4 centaur zombies
  31 orc priests Crazy Yiuf
  4 giant frog skeletons
  7 jellies
  32 orc wizards
  10 centaur skeletons
  6 iguanas
  36 worker ants
  A killer bee zombie
  22 sheep
  2 hound skeletons
  7 gnolls
  14 adders
  50 river rats
  2 shadow imps
  2 oozes
  2 adder zombies
  16 worms
  6 giant geckos
  149 orcs
  A ball python
  6 bats
  6 giant cockroaches
  3 goblins
  8 hobgoblins
  7 jackals
  8 giant newts
  A jackal zombie
  3 kobolds
  6 quokkas
  A quokka skeleton
  4 rats
  22 fungi
  32 plants
1125 creatures vanquished.
